Unix NetHack Version 5.0.0-0 post-release - last build May 17 2026 04:57:42 (dc50c8380fa5e20985bfe3072449f57b8d9895ef,branch:main).

Game began 2026-05-19 12:04:30, ended 2026-05-19 12:23:08.

FutureTim, lawful female human Valkyrie

                                                      --
                                                  ----.--
                                                 --.....| --
                                                 |.........|
                               -----         ------.@h.G...-
                              --.|.        ---.--.|..-- --
              --              |....-----   |........*|
              |...        -----......|.-----........--
                ...... ----.............--...---....|
                  ......... ----.............| ---.--
                |      `.....................--- ---
                |..............................-- --   -
                --..........  --.......................|
                 --.....       --......................|
                  |  |          --%......---...........-
                                 |.......| -............-
                                 ---....--  ..............|
                                   ......   ...........|..|
                                  -----.... ........|.-----
                                      --.---------.----
                                        --        --



Latest messages:
 You kill the iguana!
 Your kitten eats a gnome lord corpse.
 You kill the gnome!
 You see here a pink spellbook.
 C - a pink spellbook.
 You see here a gnome corpse.
 Your kitten eats a gnome corpse.
 Your kitten eats a gnome corpse.
 You hear crashing rock.
 You hear crashing rock.
 You hear crashing rock.
 You fall into a pit!
 You are still in a pit.
 You are still in a pit.
 You are still in a pit.
 You are still in a pit.
 You are still in a pit.
 You crawl to the edge of the pit.
 A trap door opens up under you!
 The gnomish wizard casts a spell!
 The gnomish wizard is suddenly moving faster.
 The gnomish wizard points at you, then curses.
 You hit the gnomish wizard!
 The gnomish wizard reads a scroll labeled ABRA KA DABRA!
 The gnomish wizard vanishes and reappears close by.
 The gnome lord drinks a fizzy potion!
 The gnome lord seems more experienced.
 You see here a cream pie.
 The gnome lord throws a dagger!
 You are hit by a dagger.
 The air crackles around the gnomish wizard.
 The gnome lord picks up a dagger.
 The gnome lord picks up a cream pie.
 You kill the gnomish wizard!
 The dwarf wields a dwarvish short sword!
 You see here a gnomish wizard corpse.
 You miss the dwarf.
 You miss the dwarf.
 You miss the dwarf.
 The dwarf thrusts his dwarvish short sword.
 The dwarf hits!
 You miss the dwarf.
 You hit the dwarf!
 You miss the dwarf.
 The dwarf thrusts his dwarvish short sword.
 The dwarf hits!
 You miss the dwarf.
 The dwarf thrusts his dwarvish short sword.
 The dwarf hits!
 You die...

Inventory:
 Coins    ('$')
  $ - 114 gold pieces
 Weapons  (')')
  b - a +0 dagger (alternate weapon; not wielded)
  r - a +0 silver dagger
  a - a +1 spear (weapon in right hand)
 Armor    ('[')
  c - an uncursed +3 small shield (being worn)
  B - an uncursed +0 dwarvish cloak
  g - an uncursed +0 ring mail (being worn)
 Comestibles  ('%')
  s - an uncursed cram ration
  d - 3 uncursed food rations
  z - a cursed rotten tin of giant rat meat
 Scrolls  ('?')
  x - an uncursed scroll of blank paper
  j - an uncursed scroll of enchant armor
 Spellbooks  ('+')
  C - an uncursed spellbook of cure blindness
  l - an uncursed spellbook of healing
 Potions  ('!')
  v - an uncursed potion of acid
  m - a blessed potion of gain ability
  p - an uncursed potion of gain ability
 Tools    ('(')
  o - a cursed mirror
  w - an uncursed tin whistle
  t - an uncursed wax candle
 Gems/Stones  ('*')
  y - an uncursed worthless piece of red glass
  u - an uncursed worthless piece of violet glass

FutureTim the Valkyrie's attributes:

Background:
 You were a Skirmisher, a level 4 human Valkyrie.
 You were lawful, nominally on a mission for Tyr
 who was opposed by Odin (neutral) and Loki (chaotic).
 You were right-handed.
 You were in the Gnomish Mines, on level 5.
 You entered the dungeon 1346 turns ago.
 There was a new moon in effect when your adventure ended.
 You had 152 experience points, 8 more were needed to attain level 5.

Basics:
 You had 0 out of 28 hit points.
 You had all 10 energy points (spell power).
 Your armor class was 3.
 Your wallet contained 114 zorkmids.
 Autopickup was off.

Final Characteristics:
 Your strength was 18/04 (limit:18/100).
 Your dexterity was 11 (limit:18).
 Your constitution was 15 (limit:18).
 Your intelligence was 10 (limit:18).
 Your wisdom was 10 (limit:18).
 Your charisma was 9 (limit:18).

Final Status:
 You weren't hungry.
 You were unencumbered.
 You were wielding a spear.
 You had basic skill with spear.

Final Attributes:
 You were devoutly aligned.
 You were cold resistant.
 You were stealthy.
 You were warded.
 You are dead.

Miscellaneous:
 You didn't encounter any bones levels.
 Total elapsed playing time was 18 minutes and 37 seconds.

Major events:
 Turn
    1: FutureTim the lawful human Valkyrie entered the dungeon
 1005: entered the Gnomish Mines
 1010: attained the rank of Skirmisher (level 3)
 1346: killed by a dwarf

 Fighting Skills
   bare handed combat [Unskilled]
   two weapon combat  [Unskilled]
   riding             [Unskilled]
 Weapon Skills
   dagger             [Basic]
   axe                [Unskilled]
   pick-axe           [Unskilled]
   short sword        [Unskilled]
   broadsword         [Unskilled]
   long sword         [Unskilled]
   two-handed sword   [Unskilled]
   saber              [Unskilled]
   hammer             [Unskilled]
   quarterstaff       [Unskilled]
   polearms           [Unskilled]
   spear              [Basic]
   trident            [Unskilled]
   lance              [Unskilled]
   sling              [Unskilled]
 Spellcasting Skills
   attack spells      [Unskilled]
   escape spells      [Unskilled]

Voluntary challenges:
 Character rerolling was not enabled.
 You followed a strict vegan diet.
 You were an atheist.
 You never genocided any monsters.
 You never polymorphed an object.
 You never changed form.
 You used no wishes.
Achievements:
 You entered a shop.
 You entered the Gnomish Mines.
 You attained the rank of Skirmisher.

 The Dungeons of Doom: levels 1 to 4
    Level 1:
    Level 2:
       A weapon shop.
    Level 3:
       A general store.
       Stairs down to The Gnomish Mines.
    Level 4:
 The Gnomish Mines: levels 4 to 5
    Level 4:
    Level 5: <- You were here.
       Final resting place for
          you, killed by a dwarf.


Vanquished creatures:
  a shrieker
  a gnome leader
  a gnomish wizard
  a dwarf
  a giant bat
 an iguana
  a hobbit
 10 gnomes
  a gnome zombie
  3 jackals
  a goblin
  4 grid bugs
  a lichen
  a kobold zombie
  5 newts
33 creatures vanquished.

No species were genocided or became extinct.

Game over:
                       ----------
                      /          \
                     /    REST    \
                    /      IN      \
                   /     PEACE      \
                  /                  \
                  |    FutureTim     |
                  |      114 Au      |
                  |   killed by a    |
                  |      dwarf       |
                  |                  |
                  |                  |
                  |       2026       |
                 *|     *  *  *      | *
        _________)/\\_//(\/(/\)/\//\/|_)_______

Farvel FutureTim the Valkyrie...

You died in The Gnomish Mines on dungeon level 5 with 931 points,
and 114 pieces of gold, after 1346 moves.
You were level 4 with a maximum of 28 hit points when you died.

